 Dungeon Crawl Stone Soup version 0.29.1-12-g30fa7ad0bf (webtiles) character file.

Game seed: 13107421738801365051

462 croobank the Sneak (level 7, -1/46 HPs)
             Began as an Octopode Transmuter on Jan 1, 2023.
             Slain by a phantom (6 damage)
             ... on level 5 of the Dungeon.
             The game lasted 00:13:00 (4542 turns).

croobank the Sneak (Octopode Transmuter)            Turns: 4542, Time: 00:13:00

Health: -1/46      AC:  1    Str: 13    XL:     7   Next: 7%
Magic:  11/11      EV: 13    Int: 17    God:
Gold:   151        SH:  0    Dex: 11    Spells: 6/12 levels left

rFire   . . .      SeeInvis .   l - +0 short sword (venom)
rCold   . . .      Faith    .   (no shield)
rNeg    . . .      Spirit   .   (helmet restricted)
rPois   .          Reflect  .   (no amulet)
rElec   .          Harm     .   (no ring)
rCorr   .          Rampage  .   (no ring)
Will    .....                   (no ring)
Stlth   +++.......              (no ring)
HPRegen 0.15/turn               (no ring)
MPRegen 0.12/turn               (no ring)
                                (no ring)
                                (no ring)

@: no status effects
A: almost no armour, amphibious, 8 rings, camouflage 1, gelatinous body 1,
(nimble swimmer 1), tentacles, antennae 1, strong 1
a: no special abilities


You were on level 5 of the Dungeon.
You visited 1 branch of the dungeon, and saw 5 of its levels.
You also visited: Ossuary.

You collected 211 gold pieces.
You spent 60 gold pieces at shops.

Inventory:

Hand Weapons
 f - a +0 trident
 j - a +0 war axe
 l - a +0 short sword of venom (weapon)
Jewellery
 m - a ring of protection from fire
Wands
 n - a wand of polymorph (9)
Potions
 e - 2 potions of attraction


   Skills:
 + Level 3.0 Fighting
 + Level 3.5 Dodging
 + Level 3.6 Stealth
 - Level 3.1 Unarmed Combat
 + Level 3.3 Spellcasting
 + Level 3.4 Transmutations
 + Level 2.8 Poison Magic


You had 6 spell levels left.
You knew the following spells:

 Your Spells              Type           Power      Damage    Failure   Level
a - Beastly Appendage     Tmut           28%        N/A       4%          1
b - Wereblood             Tmut           14%        N/A       6%          2
c - Spider Form           Tmut/Pois      13%        N/A       14%         3

Your spell library contained the following spells:

 Spells                   Type           Power      Damage    Failure   Level
 Freeze                   Ice            8%         1d3       17%         1
 Frozen Ramparts          Ice            4%         1d1       45%         3
 Ice Form                 Ice/Tmut       8%         N/A       63%         4
 Hailstorm                Conj/Ice       2%         3d3       86%         4
 Iskenderun's Battlesphe  Conj           2%         2d6       99%         5
 Iron Shot                Conj/Erth      1%         9d1       100%        6
 Spellforged Servitor     Conj/Summ      1%         N/A       100%        7


Dungeon Overview and Level Annotations

Branches:
Dungeon (5/15)            Ossuary (visited)
 Temple: D:4-7

Altars:

Shops:
D:4 !


Innate Abilities, Weirdness & Mutations

You cannot wear most types of armour.
You are amphibious.
You can wear up to eight rings at the same time.
Your skin changes colour to match your surroundings (Stealth+).
Your rubbery body absorbs attacks. (AC +1, EV +1)
((You are camouflaged when in or above water. (Stealth+)))
You have tentacles for arms and can constrict up to eight enemies at once.
You have a pair of small antennae on your head.
Your muscles are strong. (Str +4, Int/Dex -1)


Message History

You feel a little less mighty now.
A phantom opens the door.
A phantom is nearby!
A phantom is nearby!
You start resting.
A phantom is nearby!
You hit the phantom.
Your tentacle-slap misses the phantom.
The phantom is lightly damaged.
The phantom hits you.
* * * LOW HITPOINT WARNING * * *
The phantom blinks!
You blink.
You barely miss the phantom.
Your tentacle-slap misses the phantom.
The phantom is lightly damaged.
The phantom hits you.
* * * LOW HITPOINT WARNING * * *
You hit the phantom. You squeeze the phantom!
The phantom is heavily damaged.
The phantom hits you.
* * * LOW HITPOINT WARNING * * *
The phantom blinks!
You blink.
Okay, then.
Okay, then.
You aren't carrying any scrolls.
Really quaff the potion of mutation?
You feel extremely strange. A pair of antennae grows on your head!
You feel stronger.
The phantom hits you but does no damage.
You closely miss the phantom. You squeeze the phantom.
The phantom is severely damaged.
The phantom closely misses you.
You hit the phantom but do no damage.
The phantom is severely damaged.
The phantom closely misses you.
You hit the phantom. Your squeeze misses the phantom.
The phantom is almost destroyed.
The phantom closely misses you.
You closely miss the phantom. Your squeeze misses the phantom.
The phantom is almost destroyed.
The phantom hits you.
You die...

## ###.###
######W@...#
##......###.#
##..#....#
##..##'...#
##..##.##?......
######..##...##..####
.........##.##..##
######....### .##
##.#..#


You could see a phantom.

Vanquished Creatures
  2 elf zombies (Ossuary)
  2 scorpions
  Terence (D:3)
  An orc wizard (D:4)
  2 mummies (Ossuary)
  4 adders
  A worm (D:4)
  4 dart slugs
  9 orcs
  3 endoplasms
  6 giant cockroaches
  8 goblins
  6 hobgoblins
  4 jackals (D:1)
  A quokka (D:3)
  9 ball pythons
  7 bats
  2 frilled lizards
  8 kobolds
  5 rats
85 creatures vanquished.

Vanquished Creatures (others)
  2 plants (D:3)
2 creatures vanquished.

Grand Total: 87 creatures vanquished

Notes
Turn   | Place    | Note
-------+----------+-------------------------------------------
     0 | D:1      | croobank the Octopode Transmuter began the quest for the
                  | Orb.
     0 | D:1      | Reached XP level 1. HP: 13/13 MP: 3/3
   332 | D:1      | Reached XP level 2. HP: 18/18 MP: 3/5
   335 | D:1      | Learned a level 2 spell: Wereblood
   700 | D:1      | Reached skill level 1 in Stealth
   700 | D:1      | Reached XP level 3. HP: 22/23 MP: 2/6
  1777 | D:2      | Found a faded altar of an unknown god.
  1917 | D:2      | Reached XP level 4. HP: 29/29 MP: 4/7
  1947 | D:2      | Learned a level 3 spell: Spider Form
  2428 | D:3      | Noticed Terence
  2438 | D:3      | Killed Terence
  2651 | D:3      | Reached skill level 1 in Poison Magic
  3059 | D:3      | Reached XP level 5. HP: 34/34 MP: 4/8
  3579 | D:4      | Found Zeiroquf's Distillery.
  3602 | D:4      | Bought a potion of heal wounds for 60 gold pieces
  3786 | D:4      | Reached XP level 6. HP: 33/41 MP: 10/10
  4412 | D:5      | Entered Level 5 of the Dungeon
  4437 | D:5      | Found a sand-covered staircase.
  4442 | Ossuary  | Entered an ossuary
  4499 | Ossuary  | Reached XP level 7. HP: 8/46 MP: 8/11
  4538 | D:5      | Gained mutation: You have a pair of small antennae on your
                  | head. [potion of mutation]
  4538 | D:5      | Gained mutation: Your muscles are strong. (Str +4, Int/Dex
                  | -1) [potion of mutation]
  4542 | D:5      | Slain by a phantom

Illustrated notes

Levels and vault maps discovered:
D:1:      minmay_arrival_wavy_path, layout_basic, reono_crystal_passage,
          minmay_hexomino_f4
D:2:      layout_basic, shapermc_ecumenical_altar_pompeii
D:3:      layout_loops_ring, chequers_big_river, fountainhead,
          chequers_serial_rivers_large_a, grunt_ministairs_4, uniq_terence
D:4:      layout_loops_ring, serial_shops, shop_statue
D:5:      minmay_skewed_foursquare, layout_loops_ring, enter_ossuary_5

Skill      XL: |  1  2  3  4  5  6 |
---------------+-------------------+-----
Stealth        | 1 2 3 |  3.6
Fighting       | 2 3 |  3.0
Poison Magic   | 1 2 |  2.8
Dodging        | 3 |  3.5
Transmutations | 3 |  3.4
Spellcasting   | 3 |  3.3
Unarmed Combat | |  3.1

Action                   |  1- 3 |  4- 6 |  7- 9 || total
-------------------------+-------+-------+-------++-------
Melee: Unarmed           |    40 |       |       ||    40
       Constrict         |    17 |    27 |       ||    44
       Tentacles         |    16 |    31 |     2 ||    49
       Kick              |    13 |    28 |       ||    41
       Punch             |     1 |     2 |       ||     3
       Short sword       |    30 |   117 |     7 ||   154
 Cast: Beastly Appendage |    20 |    30 |       ||    50
       Wereblood         |    15 |    27 |       ||    42
  Use: Potion            |     1 |     7 |     1 ||     9
       Scroll            |     7 |     7 |       ||    14
 Stab: Sleeping          |     2 |     7 |       ||     9
Armor: Skin              |    13 |   100 |     2 ||   115
Dodge: Dodged            |    60 |   116 |    10 ||   186
